SL
TENNESSEE SMOKIES @ MONTGOMERY BISCUITS
05/30/2099
 
TOP OF THE 1ST
Tennessee Smokies batting - Pitching for Montgomery Biscuits : RHP Orlando Moran
Pitching: RHP Orlando Moran
Batting: LHB Mike Carlson 0-0: Called Strike
0-1: Fly out, F9 (Flyball, 89D, EV 96.9 MPH)
Batting: LHB Jim Unknown 0-0: Ball
1-0: Foul Ball, location: 2LF
1-1: Fly out, F9 (Flyball, 9LSF, EV 96.3 MPH)
Batting: RHB Mike Schickling 0-0: Called Strike
0-1: Ball
1-1: Foul Ball, location: 23F
1-2: Foul Ball, location: 3DF
1-2: Strikes out swinging
Top of the 1st over - 0 runs, 0 hits, 0 errors, 0 left on base; Tennessee 0 - Montgomery 0
BOTTOM OF THE 1ST
Montgomery Biscuits batting - Pitching for Tennessee Smokies : RHP Jeremy Martin
Pitching: RHP Jeremy Martin
Batting: RHB Melvin Casasola 0-0: Called Strike
0-1: Ball
1-1: SINGLE (Line Drive, 89S, EV 98.8 MPH)
Batting: RHB Bobby Williams 0-0: Ball
1-0: Foul Ball, location: 2RF
1-1: Called Strike
Melvin Casasola steals 2nd base
1-2: Strikes out swinging
Batting: LHB Matt Flagg 0-0: Fly out, F8 (Flyball, 78XD, EV 95.0 MPH)
Runner from 2nd tags up, SAFE at 3rd, no throw by CF
Batting: RHB Edgar Rivas 0-0: Called Strike
0-1: Swinging Strike
0-2: Ground out 6-3 (Groundball, 6, EV 106.3 MPH)
Bottom of the 1st over - 0 runs, 1 hit, 0 errors, 1 left on base; Tennessee 0 - Montgomery 0
TOP OF THE 2ND
Tennessee Smokies batting - Pitching for Montgomery Biscuits : RHP Orlando Moran
Batting: RHB Josh Sanford 0-0: Called Strike
0-1: SINGLE (Flyball, 8RS, EV 89.4 MPH)
Batting: LHB Jim Unknown 0-0: Ball
1-0: Swinging Strike
1-1: Foul Ball, location: 2F
1-2: Fielders Choice at 2nd, 1-6 (Groundball, 34S, EV 70.0 MPH)
Batting: RHB Jim Unknown 0-0: Ball
1-0: Fly out, F7 (Flyball, 7D, EV 100.0 MPH)
Batting: LHB Jim Unknown 0-0: Ball
Jim Unknown steals 2nd base
1-0: Ball
2-0: SINGLE (Groundball, 4MD, EV 96.9 MPH)
Jim Unknown to third
Runner from 3rd tries for Home, SAFE, throw by CF to home
Batting: RHB Jim Unknown 0-0: Ball
1-0: Foul Ball, location: 5FF
1-1: Ball
2-1: SINGLE (Line Drive, 6M, EV 99.4 MPH)
Jim Unknown to second
Runner from 2nd tries for 3rd, SAFE, throw by CF made to third
Batting: SHB Jim Unknown 0-0: Called Strike
0-1: Ground out 4-3 (Groundball, 4, EV 100.6 MPH)
Top of the 2nd over - 1 run, 3 hits, 0 errors, 2 left on base; Tennessee 1 - Montgomery 0
BOTTOM OF THE 2ND
Montgomery Biscuits batting - Pitching for Tennessee Smokies : RHP Jeremy Martin
Batting: LHB Joe Carter 0-0: Foul Ball, location: 2F
0-1: Ball
1-1: SINGLE (Groundball, 6MS, EV 73.8 MPH) (infield hit)
Batting: RHB Estaçio Barrocas 0-0: Foul Ball, location: 7LMF
0-1: Ball
1-1: Swinging Strike
1-2: Foul Ball, location: 23FF
1-2: Strikes out looking
Batting: RHB Jeremy Richter 0-0: Swinging Strike
0-1: Ball
1-1: Ball
2-1: Foul Ball, location: 7LSF
2-2: Fly out, F8 (Flyball, 89M, EV 90.6 MPH)
Batting: SHB Will MacKenna 0-0: Ball
1-0: Ball
2-0: Called Strike
2-1: Ball
3-1: Fly out, F7 (Flyball, 7LM, EV 103.1 MPH)
Bottom of the 2nd over - 0 runs, 1 hit, 0 errors, 1 left on base; Tennessee 1 - Montgomery 0
TOP OF THE 3RD
Tennessee Smokies batting - Pitching for Montgomery Biscuits : RHP Orlando Moran
Batting: LHB Mike Carlson 0-0: Foul Ball, location: 5DF
0-1: Ground out 4-3 (Groundball, 34, EV 101.9 MPH)
Batting: LHB Jim Unknown 0-0: Ball
1-0: Swinging Strike
1-1: Ground out 4-3 (Groundball, 4M, EV 86.9 MPH)
Batting: RHB Mike Schickling 0-0: Called Strike
0-1: Ball
1-1: Foul Ball, location: 2F
1-2: Hit by Pitch
Batting: RHB Josh Sanford 0-0: Ball
Wild Pitch!
Mike Schickling to second
1-0: Swinging Strike
1-1: Fly out, F9 (Flyball, 9D, EV 106.3 MPH)
Top of the 3rd over - 0 runs, 0 hits, 0 errors, 1 left on base; Tennessee 1 - Montgomery 0
BOTTOM OF THE 3RD
Montgomery Biscuits batting - Pitching for Tennessee Smokies : RHP Jeremy Martin
Batting: RHB John Wiersema 0-0: Foul Ball, location: 7LMF
0-1: Ball
1-1: Ground out 6-3 (Groundball, 6M, EV 110.0 MPH)
Batting: RHB Melvin Casasola 0-0: Ball
1-0: Ground out 4-3 (Groundball, 4, EV 110.6 MPH)
Batting: RHB Bobby Williams 0-0: Ball
1-0: SOLO HOME RUN (Flyball, 78XD, EV 103.1 MPH), Distance : 398 ft
Batting: LHB Matt Flagg 0-0: Fly out, F9 (Flyball, 9LS, EV 76.3 MPH)
Bottom of the 3rd over - 1 run, 1 hit, 0 errors, 0 left on base; Tennessee 1 - Montgomery 1
TOP OF THE 4TH
Tennessee Smokies batting - Pitching for Montgomery Biscuits : RHP Orlando Moran
Batting: LHB Jim Unknown 0-0: Ball
1-0: TRIPLE (Flyball, 89XD, EV 108.1 MPH)
Batting: RHB Jim Unknown 0-0: Called Strike
0-1: Foul Ball, location: 2F
0-2: Fly out, F9 (Flyball, 9, EV 94.4 MPH)
Runner from 3rd tags up, SCORES, throw by RF
Batting: LHB Jim Unknown 0-0: Swinging Strike
0-1: Ball
1-1: Called Strike
1-2: Ground out 6-3 (Groundball, 6, EV 101.3 MPH)
Batting: RHB Jim Unknown 0-0: Ball
1-0: Ground out 2-3 (Groundball, 13S, EV 70.6 MPH)
Top of the 4th over - 1 run, 1 hit, 0 errors, 0 left on base; Tennessee 2 - Montgomery 1
BOTTOM OF THE 4TH
Montgomery Biscuits batting - Pitching for Tennessee Smokies : RHP Jeremy Martin
Batting: RHB Edgar Rivas 0-0: Foul Ball, location: 2LF
0-1: SINGLE (Groundball, 2L, EV 63.8 MPH) (infield hit)
Batting: LHB Joe Carter 0-0: Called Strike
0-1: Ball
1-1: Called Strike
1-2: Ball
2-2: Grounds into double play, 4-6-3 (Groundball, 4, EV 90.0 MPH)
Batting: RHB Estaçio Barrocas 0-0: Called Strike
0-1: Ground out 5-3 (Groundball, 56, EV 88.1 MPH)
Bottom of the 4th over - 0 runs, 1 hit, 0 errors, 0 left on base; Tennessee 2 - Montgomery 1
TOP OF THE 5TH
Tennessee Smokies batting - Pitching for Montgomery Biscuits : RHP Orlando Moran
Batting: SHB Jim Unknown 0-0: Ball
1-0: Swinging Strike
1-1: Ball
2-1: Called Strike
2-2: Strikes out swinging
Batting: LHB Mike Carlson 0-0: Fly out, F3 (Popup, 3SF, EV 70.6 MPH)
Batting: LHB Jim Unknown 0-0: Called Strike
0-1: SINGLE (Flyball, 8LM, EV 91.9 MPH)
Batting: RHB Mike Schickling 0-0: Ball
1-0: Ball
Jim Unknown steals 2nd base (no throw)
2-0: Ball
3-0: Called Strike
3-1: Foul Ball, location: 7LSF
3-2: Strikes out swinging
Top of the 5th over - 0 runs, 1 hit, 0 errors, 1 left on base; Tennessee 2 - Montgomery 1
BOTTOM OF THE 5TH
Montgomery Biscuits batting - Pitching for Tennessee Smokies : RHP Jeremy Martin
Batting: RHB Jeremy Richter 0-0: Foul Ball, location: 23F
0-1: Ball
1-1: Ball
2-1: Swinging Strike
2-2: Foul Ball, location: 2F
2-2: Ball
3-2: Foul Ball, location: 3SF
3-2: Foul Ball, location: 2F
3-2: Strikes out swinging
Batting: SHB Will MacKenna 0-0: Ball
1-0: Ball
2-0: Ground out 4-3 (Groundball, 4D, EV 108.8 MPH)
Batting: RHB John Wiersema 0-0: Swinging Strike
0-1: Fly out, F8 (Flyball, 8RXD, EV 110.0 MPH)
Bottom of the 5th over - 0 runs, 0 hits, 0 errors, 0 left on base; Tennessee 2 - Montgomery 1
TOP OF THE 6TH
Tennessee Smokies batting - Pitching for Montgomery Biscuits : RHP Orlando Moran
Batting: RHB Josh Sanford 0-0: Ball
1-0: Ball
2-0: Called Strike
2-1: Ball
3-1: Swinging Strike
3-2: Strikes out swinging
Batting: LHB Jim Unknown 0-0: Ball
1-0: Swinging Strike
1-1: Foul Ball, location: 25F
1-2: Strikes out looking
Batting: RHB Jim Unknown 0-0: Ball
1-0: Foul Ball, location: 5FF
1-1: Ball
2-1: DOUBLE (Line Drive, 9LM, EV 96.9 MPH)
Batting: LHB Jim Unknown 0-0: Intentional Walk
Batting: RHB Jim Unknown 0-0: Ball
1-0: Called Strike
Jim Unknown steals 2nd base
Jim Unknown steals 3rd base
1-1: Intentional Walk
Batting: SHB Jim Unknown 0-0: Ball
1-0: Ball
2-0: Called Strike
2-1: Ball
3-1: Base on Balls
Jim Unknown scores
Jim Unknown to third
Jim Unknown to second
Batting: LHB Mike Carlson 0-0: Swinging Strike
0-1: Foul Ball, location: 9LMF
0-2: Ball
1-2: Ball
2-2: Foul Ball, location: 23F
2-2: Ball
3-2: Base on Balls
Jim Unknown scores
Jim Unknown to third
Jim Unknown to second
Batting: LHB Jim Unknown 0-0: Ball
1-0: Foul Ball, location: 25FF
1-1: Swinging Strike
1-2: Strikes out swinging
Top of the 6th over - 2 runs, 1 hit, 0 errors, 3 left on base; Tennessee 4 - Montgomery 1
BOTTOM OF THE 6TH
Montgomery Biscuits batting - Pitching for Tennessee Smokies : RHP Jeremy Martin
Batting: RHB Melvin Casasola 0-0: Ball
1-0: SINGLE (Groundball, 6M, EV 105.6 MPH) (infield hit)
Batting: RHB Bobby Williams 0-0: SINGLE (Groundball, 6MD, EV 106.9 MPH)
Melvin Casasola to second
Runner from 2nd tries for 3rd, SAFE, no throw by CF
Batting: LHB Matt Flagg 0-0: Ball
1-0: Ball
2-0: Fly out, F8 (Flyball, 8LM, EV 85.0 MPH)
Runner from 3rd tags up, OUT at HOME! 8-2
Bobby Williams to second
Batting: RHB Edgar Rivas 0-0: Foul Ball, location: 7LMF
0-1: Foul Ball, location: 2F
0-2: TRIPLE (Flyball, 9LD, EV 93.8 MPH)
Bobby Williams scores
Batting: LHB Joe Carter 0-0: Called Strike
0-1: Foul Ball, location: 23F
0-2: Ball
1-2: Fly out, F7 (Flyball, 78M, EV 92.5 MPH)
Bottom of the 6th over - 1 run, 3 hits, 0 errors, 1 left on base; Tennessee 4 - Montgomery 2
TOP OF THE 7TH
Tennessee Smokies batting - Pitching for Montgomery Biscuits : RHP Orlando Moran
Batting: RHB Mike Schickling 0-0: Ball
1-0: Ground out 1-3 (Groundball, P, EV 73.1 MPH)
Batting: RHB Josh Sanford 0-0: Called Strike
0-1: Foul Ball, location: 2F
0-2: Ball
1-2: Ball
2-2: Strikes out looking
Batting: LHB Jim Unknown 0-0: Ball
1-0: Called Strike
1-1: Ball
2-1: Fly out, F7 (Flyball, 7, EV 91.3 MPH)
Top of the 7th over - 0 runs, 0 hits, 0 errors, 0 left on base; Tennessee 4 - Montgomery 2
BOTTOM OF THE 7TH
Montgomery Biscuits batting - Pitching for Tennessee Smokies : RHP Jeremy Martin
Batting: RHB Estaçio Barrocas 0-0: Ball
1-0: Ball
2-0: SINGLE (Line Drive, 9S, EV 96.3 MPH)
Batting: RHB Jeremy Richter 0-0: Called Strike
0-1: Ball
1-1: Swinging Strike
1-2: Grounds into double play, 6-4-3 (Groundball, 6, EV 100.6 MPH)
Batting: SHB Will MacKenna 0-0: Called Strike
0-1: Foul Ball, location: 7LMF
0-2: Ball
1-2: Foul Ball, location: 7LMF
1-2: Foul Ball, location: 3F
1-2: Foul Ball, location: 2F
1-2: Fly out, F4 (Popup, 23, EV 86.3 MPH)
Bottom of the 7th over - 0 runs, 1 hit, 0 errors, 0 left on base; Tennessee 4 - Montgomery 2
TOP OF THE 8TH
Tennessee Smokies batting - Pitching for Montgomery Biscuits : RHP Orlando Moran
Pitching: RHP Dennis Oliveri
Batting: RHB Jim Unknown 0-0: Ground out 6-3 (Groundball, 56, EV 85.0 MPH)
Batting: LHB Jim Unknown 0-0: Called Strike
0-1: Fly out, F7 (Flyball, 7LM, EV 95.0 MPH)
Batting: RHB Jim Unknown 0-0: Ball
1-0: Ball
2-0: Ball
3-0: Called Strike
3-1: Foul Ball, location: 2F
3-2: Base on Balls
Batting: SHB Jim Unknown 0-0: Ground out 4-3 (Groundball, 34, EV 97.5 MPH)
Top of the 8th over - 0 runs, 0 hits, 0 errors, 1 left on base; Tennessee 4 - Montgomery 2
BOTTOM OF THE 8TH
Montgomery Biscuits batting - Pitching for Tennessee Smokies : RHP Jeremy Martin
Batting: RHB John Wiersema 0-0: Fly out, F4 (Popup, 34, EV 60.0 MPH)
Batting: RHB Melvin Casasola 0-0: Ball
1-0: Foul Ball, location: 5FF
1-1: Swinging Strike
1-2: Foul Ball, location: 9LMF
1-2: Fly out, F9 (Line Drive, 9S, EV 110.0 MPH)
Batting: RHB Bobby Williams 0-0: Swinging Strike
0-1: Ball
1-1: Fly out, F3 (Popup, 3SF, EV 83.1 MPH)
Bottom of the 8th over - 0 runs, 0 hits, 0 errors, 0 left on base; Tennessee 4 - Montgomery 2
TOP OF THE 9TH
Tennessee Smokies batting - Pitching for Montgomery Biscuits : RHP Dennis Oliveri
Batting: LHB Mike Carlson 0-0: Foul Ball, location: 25F
0-1: Foul Ball, location: 5DF
0-2: Ball
1-2: Foul Ball, location: 2F
1-2: Strikes out swinging
Batting: LHB Jim Unknown 0-0: Foul Ball, location: 5FF
0-1: Ground out 1-3 (Groundball, 15S, EV 72.5 MPH)
Batting: RHB Mike Schickling 0-0: Ball
1-0: Foul Ball, location: 2F
1-1: Ball
2-1: Ball
3-1: Called Strike
3-2: Foul Ball, location: 5FF
3-2: Strikes out swinging
Top of the 9th over - 0 runs, 0 hits, 0 errors, 0 left on base; Tennessee 4 - Montgomery 2
BOTTOM OF THE 9TH
Montgomery Biscuits batting - Pitching for Tennessee Smokies : RHP Jeremy Martin
Batting: LHB Matt Flagg 0-0: Called Strike
0-1: SINGLE (Groundball, 4MD, EV 100.6 MPH)
Pitching: RHP Jim Unknown
Batting: RHB Edgar Rivas 0-0: Grounds into double play, 6-4-3 (Groundball, 6S, EV 91.3 MPH)
Batting: LHB Joe Carter 0-0: Called Strike
0-1: Ball
1-1: Ball
2-1: SINGLE (Groundball, 56D, EV 96.3 MPH)
Batting: RHB Estaçio Barrocas
Pinch Hitting: LHB Alex Flores 0-0: Foul Ball, location: 25FF
0-1: Ball
1-1: Ball
2-1: Ball
3-1: Called Strike
3-2: Base on Balls
Joe Carter to second
Pinch Hitting: LHB Javier Portilla 0-0: Ball
1-0: Swinging Strike
1-1: Ball
2-1: Ball
3-1: Called Strike
3-2: Foul Ball, location: 2RF
3-2: Foul Ball, location: 7LMF
3-2: Foul Ball, location: 2F
3-2: Base on Balls
Joe Carter to third
Alex Flores to second
Batting: SHB Will MacKenna 0-0: Foul Ball, location: 2F
0-1: Ball
1-1: Ball
2-1: Fly out, F7 (Line Drive, 7, EV 84.4 MPH)
Bottom of the 9th over - 0 runs, 2 hits, 0 errors, 3 left on base; Tennessee 4 - Montgomery 2
Tuesday, May 7th , 2024 - OOTP Baseball 24.11 Build 85